 Dungeon Crawl Stone Soup version 0.17-a0-1311-gbcbd859 (console) character file.

3217 lauthentik the Protected (level 9, 0/78 HPs)
             Began as a Minotaur Hunter on June 8, 2015.
             Was an Elder of Makhleb.
             Killed from afar by an ice statue (6 damage)
             ... with a freezing blast
             ... on level 7 of the Dungeon.
             The game lasted 00:37:20 (5166 turns).

lauthentik the Protected (Minotaur Hunter)          Turns: 5166, Time: 00:37:22

Health: 0/78       AC: 15    Str: 17    XL:     9   Next: 65%
Magic:  0/9        EV: 13    Int:  8    God:    Makhleb [****..]
Gold:   391        SH:  0    Dex: 14    Spells: 0 memorised, 8 levels left

rFire  . . .     SeeInvis +     y - +4 trident (venom)
rCold  + . .     Clarity  .     s - +0 chain mail
rNeg   . . .     SustAt   .     (no shield)
rPois  .         Gourm    .     (helmet restricted)
rElec  .         Spirit   +     (no cloak)
rCorr  .         Warding  .     f - +0 pair of gloves
rMut   .         Stasis   .     T - +2 pair of boots
MR     .....                    m - amulet of guardian spirit
Stlth  ..........               z - +4 ring of evasion
                                h - ring of see invisible

@: very slightly contaminated, invisible, not resistant to hostile enchantments,
extremely unstealthy
A: retaliatory headbutt, horns 2, cold resistance 1
a: Minor Destruction, Lesser Servant of Makhleb, Major Destruction, Renounce
Religion


You were on level 7 of the Dungeon.
You worshipped Makhleb.
Makhleb was greatly pleased with you.
You were not hungry.

You visited 1 branch of the dungeon, and saw 7 of its levels.
You also visited: Sewer.

You collected 391 gold pieces.

Inventory:

Hand weapons
 c - a +0 short sword
 y - a +4 trident of venom (weapon)
Missiles
 a - 6 javelins
 b - 4 throwing nets
 U - 6 tomahawks (quivered)
Armour
 d - a +0 leather armour
 f - a +0 pair of gloves (worn)
 s - a +0 chain mail (worn)
 T - a +2 pair of boots (worn)
Jewellery
 h - a ring of see invisible (left hand)
 m - an amulet of guardian spirit (around neck)
 r - an uncursed ring of wizardry
 v - an uncursed ring of positive energy
 z - a +4 ring of evasion (right hand)
 E - a +4 ring of intelligence
 H - an uncursed ring of wizardry
Magical devices
 w - a wand of invisibility (3)
 J - a wand of flame (13)
 S - a wand of flame (38)
Scrolls
 i - 3 scrolls of remove curse
 j - 3 scrolls of enchant weapon
 k - 3 scrolls of blinking
 q - a scroll of recharging {unknown}
 B - 4 scrolls of magic mapping {unknown}
 C - 2 scrolls of identify
 D - 7 scrolls of teleportation {unknown}
 G - a scroll of fear {unknown}
Potions
 g - a potion of cure mutation {unknown}
 l - a potion of heal wounds
 n - 2 potions of might {unknown}
 o - a potion of lignification {unknown}
 p - a potion of curing {unknown}
 t - a potion of agility {unknown}
 x - 3 potions of haste {unknown}
 I - 2 potions of poison {unknown}
 K - a potion of degeneration {unknown}
 O - a potion of ambrosia {unknown}
 P - a potion of berserk rage {unknown}
Books
 M - a book of the Warp

   Spells                             Type                      Level
   a - Recall                         Summoning/Translocation      3
   b - Gell's Gravitas                Hexes/Translocation          3
   c - Control Teleport               Charms/Translocation         4
   d - Force Lance                    Conjuration/Translocation    4
   e - Phase Shift                    Translocation                5
   f - Warp Weapon                    Charms/Translocation         5
   g - Summon Forest                  Summoning/Translocation      5
 Q - a book of Frost

   Spells                             Type                      Level
   a - Freeze                         Ice                          1
   b - Throw Frost                    Conjuration/Ice              2
   c - Ozocubu's Armour               Charms/Ice                   3
   d - Throw Icicle                   Conjuration/Ice              4
   e - Summon Ice Beast               Ice/Summoning                4
   f - Condensation Shield            Ice                          4
 R - a book of Enchantments

   Spells                             Type                      Level
   a - Cause Fear                     Hexes                        4
   b - Silence                        Hexes/Air                    5
   c - Deflect Missiles               Charms/Air                   6
   d - Haste                          Charms                       6
   e - Discord                        Hexes                        8
Comestibles
 e - 7 bread rations
 u - 2 slices of pizza
 A - 5 beef jerkies
 F - 2 royal jellies
 L - 2 chunks of flesh
 N - 2 meat rations


   Skills:
 + Level 6.4 Fighting
 - Level 1.2 Short Blades
 + Level 7.8 Polearms
 + Level 7.2 Throwing
 + Level 8.1 Armour
 + Level 5.4 Dodging
 - Level 1.4 Stealth
 * Level 2.4 Invocations


You had 8 spell levels left.
You didn't know any spells.

Dungeon Overview and Level Annotations

Branches:
Dungeon (7/15)             Temple (0/1) D:6

Altars:
Ashenzari
Cheibriados
Dithmenos
Fedhas
Kikubaaqudgha
Makhleb
Nemelex Xobeh
Vehumet
Xom

Annotations:
D:7 exclusion: ice statue


Innate Abilities, Weirdness & Mutations

You reflexively headbutt those who attack you in melee.
You have a pair of horns on your head.
Your flesh is cold resistant.


Message History

Unknown command.
Attack whom?
Press: ? - help, Dir - move target cursor, f/p - ice statue
Aim: an ice statue (severely damaged)
You reach to attack!
You hit the ice statue but do no damage.
The ice statue is severely damaged.
You are engulfed in freezing vapours.
You resist.
* * * LOW HITPOINT WARNING * * *
Attack whom?
Press: ? - help, Dir - move target cursor, f/p - ice statue
Aim: an ice statue (severely damaged)
You reach to attack!
You barely miss the ice statue.
The ice statue is severely damaged.
You are engulfed in freezing vapours.
You resist.
* * * LOW HITPOINT WARNING * * *
The ice beast closely misses you. The ice statue throws cold at you.
The freezing blast engulfs you! You resist.
You die...

#..#### ########
#..####
###......#####......
#⌠...⌠##..†....#####
#.....########.#
#.....# #.# #...(.#
#.# #.§§§.# #.#
#.§@§.# #.# #≈≈§Y≈#
#.# #≈≈8≈≈# #.#
#≈≈≈≈≈# #.....#
#.....# #.....#
#.....#


You could see an ice statue and an ice beast.

Vanquished Creatures
  Pikel (D:6)
  Sigmund (D:4)
  A hippogriff (D:7)
  An orc warrior (D:6)
  A phantom (D:5)
  A sky beast (D:5)
  2 ice beasts
  5 ogres
  A black bear (D:6)
  A crocodile (Sewer)
  3 giant frogs
  7 scorpions
  A crimson imp (D:6)
  A hound (D:4)
  A giant frog zombie (D:5)
  A jelly (D:5)
  4 orc wizards
  9 worker ants
  A centaur skeleton (D:6)
  A giant frog skeleton (D:4)
  A hound skeleton (D:5)
  Robin (D:4)
  11 gnolls
  9 adders
  An adder skeleton (D:4)
  An adder zombie (D:7)
  3 worms
  4 giant geckos
  13 orcs
  19 bats
  A bat skeleton (D:6)
  14 hobgoblins
  11 jackals
  A ball python (D:1)
  8 giant cockroaches
  8 giant newts
  14 goblins
  2 jackal skeletons
  18 kobolds
  4 quokkas
  13 rats
201 creatures vanquished.

Vanquished Creatures (others)
  A slave (D:6)
  An electric eel (D:7)
  An orc priest (D:6)
  A gnoll (D:6)
  A quokka (D:6)
5 creatures vanquished.

Grand Total: 206 creatures vanquished

Notes
Turn   | Place    | Note
--------------------------------------------------------------
     0 | D:1      | lauthentik the Minotaur Hunter began the quest for the Orb.
     0 | D:1      | Reached XP level 1. HP: 18/18 MP: 0/0
   176 | D:1      | Reached XP level 2. HP: 23/25 MP: 1/1
   545 | D:1      | Reached XP level 3. HP: 19/30 MP: 0/2
   660 | D:2      | Found a shattered altar of Ashenzari.
   730 | D:2      | Found an ancient bone altar of Kikubaaqudgha.
   882 | D:2      | Reached skill level 1 in Short Blades
  1094 | D:3      | Reached skill level 5 in Throwing
  1094 | D:3      | Reached skill level 1 in Armour
  1094 | D:3      | Reached XP level 4. HP: 34/37 MP: 1/3
  1165 | D:3      | Noticed an ogre
  1173 | D:3      | Killed an ogre
  1173 | D:3      | Reached XP level 5. HP: 14/45 MP: 2/4
  1367 | D:3      | Found a burning altar of Makhleb.
  1381 | D:3      | Became a worshipper of Makhleb the Destroyer
  1734 | D:4      | Reached XP level 6. HP: 49/51 MP: 5/5
  1738 | D:4      | Reached skill level 1 in Stealth
  1914 | D:4      | Noticed Robin
  1916 | D:4      | Acquired Makhleb's first power
  1929 | D:4      | Killed Robin
  1929 | D:4      | Reached skill level 1 in Polearms
  2017 | D:4      | Noticed Sigmund
  2032 | D:4      | Killed Sigmund
  2032 | D:4      | Reached XP level 7. HP: 51/59 MP: 4/6
  2137 | D:4      | Reached skill level 5 in Armour
  2141 | D:4      | Acquired Makhleb's second power
  3005 | D:5      | Entered Level 5 of the Dungeon
  3027 | D:5      | Reached skill level 6 in Armour
  3027 | D:5      | Reached XP level 8. HP: 65/67 MP: 7/7
  3069 | D:5      | Reached skill level 5 in Fighting
  3123 | D:5      | Acquired Makhleb's third power
  3270 | D:5      | Found a shimmering altar of Xom.
  3288 | D:5      | Found a blossoming altar of Fedhas.
  3306 | D:5      | Found a shadowy altar of Dithmenos.
  3311 | D:5      | Found a sparkling altar of Nemelex Xobeh.
  3311 | D:5      | Found a snail-covered altar of Cheibriados.
  3316 | D:5      | Reached skill level 5 in Polearms
  3693 | D:6      | Noticed Pikel
  3714 | D:6      | Killed Pikel
  3714 | D:6      | Reached skill level 7 in Armour
  3714 | D:6      | Reached XP level 9. HP: 49/75 MP: 4/8
  3782 | D:6      | Acquired Makhleb's fourth power
  3857 | D:6      | Found a glowing drain.
  3861 | Sewer    | Entered a sewer
  3898 | Sewer    | Reached skill level 5 in Dodging
  4259 | D:6      | Gained mutation: Your flesh is cold resistant. [potion of beneficial mutation]
  4265 | D:6      | Reached skill level 1 in Invocations
  4297 | D:6      | Found a radiant altar of Vehumet.
  4388 | D:6      | Found a staircase to the Ecumenical Temple.
  5031 | D:7      | Reached skill level 8 in Armour
  5136 | D:7      | Noticed an ice statue
  5166 | D:7      | Killed from afar by an ice statue

Vault maps used:
D:1:      tarquinn_simple_flora_water_a
D:2:      kiku_gazebo_garden_becter, ashenzari_conservatory_becter
D:3:      old_standard_altar, corner_web_ring
D:4:      old_forge, uniq_robin, uniq_sigmund
D:5:      grunt_temple_overflow_open, first_bread
D:6:      minmay_temple_entry_from_below_a, gup_sewer_entry_bowl, basic_altar,
          kennysheep_nub, uniq_pikel
D:7:      lemuel_ice_statue, kennysheep_generic_room_8
Sewer:    sewer_big_baddie

Action                   |  1- 3 |  4- 6 |  7- 9 || total
-------------------------+-------+-------+-------++-------
Melee: Short sword       |    96 |       |       ||    96
       Trident           |     4 |   124 |   266 ||   394
Throw: Tomahawk          |     2 |     5 |    44 ||    51
       Javelin           |       |       |    11 ||    11
Invok: Minor Destruction |       |       |     2 ||     2
Evoke: Wand              |       |       |     3 ||     3
  Use: Scroll            |       |       |     9 ||     9
       Potion            |       |       |     2 ||     2
  Eat: Chunk             |       |     4 |     6 ||    10
       Bread ration      |       |       |     1 ||     1
